 Dungeon Crawl Stone Soup version 0.30-a0-557-ge2afbf3030 (webtiles) character file.

Game seed: 9989846139026330653

505 bande the Chopper (level 7, -1/44 HPs)
             Began as a Gargoyle Fighter on Dec 28, 2022.
             Slain by a gnoll
             ... wielding a +0 spear
             ... led by a gnoll bouda
              (5 damage)
             ... on level 5 of the Dungeon.
             The game lasted 00:05:04 (3360 turns).

bande the Chopper (Gargoyle Fighter)                Turns: 3360, Time: 00:05:05

Health: -1/44      AC: 16    Str: 20    XL:     7   Next: 18%
Magic:  7/7        EV: 11    Int:  8    God:
Gold:   124        SH: 10    Dex: 11    Spells: 6/6 levels left

rFire   + . .      SeeInvis .    a - +0 war axe
rCold   . . .      Faith    .    c - +0 buckler
rNeg    + . .      Spirit   .    i - +0 chain mail
rPois   ∞          Reflect  +    p - +0 helmet
rElec   +          Harm     .    l - +0 cloak
rCorr   .          Rampage  .    (no gloves)
Will    .....                    (no boots) Stlth
                                 k - amulet of reflection
HPRegen 0.27/turn                j - ring of protection from fire
MPRegen 0.10/turn                r - +4 ring of evasion

@: no status effects
A: sickness immunity, AC +4, negative energy resistance 1, electricity
resistance, torment resistance 1, petrification resistance
a: no special abilities


You were on level 5 of the Dungeon.
You visited 1 branch of the dungeon, and saw 5 of its levels.

You collected 124 gold pieces.

Inventory:

Hand Weapons
 a - a +0 war axe (weapon)
Armour
 c - a +0 buckler (worn)
 i - a +0 chain mail (worn)
 l - a +0 cloak (worn)
 p - a +0 helmet (worn)
Jewellery
 j - a ring of protection from fire (left hand)
 k - an amulet of reflection (around neck)
 r - a +4 ring of evasion (right hand)
 v - a ring of protection from fire
Scrolls
 b - a scroll of fear
 e - a scroll of identify
 g - a scroll of poison
 n - 2 scrolls of silence
Potions
 d - a potion of invisibility {unknown}
 f - 3 potions of curing
 h - 2 potions of brilliance {unknown}
 o - 3 potions of mutation {unknown}
 q - a potion of attraction {unknown}
 t - a potion of ambrosia {unknown}
 u - a potion of berserk rage {unknown}


   Skills:
 + Level 4.4 Fighting
 + Level 4.9 Axes
 + Level 4.7 Armour
 + Level 4.7 Shields


You had 6 spell levels left.
You didn't know any spells.
Your spell library contained the following spells:

 Spells                   Type           Power      Damage    Failure   Level
 Necrotise                Necr           0%         1d4       99%         1
 Vampiric Draining        Necr           0%         2d6       100%        3
 Agony                    Necr           0%         N/A       100%        5


Dungeon Overview and Level Annotations

Branches:
Dungeon (5/15)
 Temple: D:4-7

Altars:
Makhleb

Shops:
D:1 (


Innate Abilities, Weirdness & Mutations

You are immune to sickness and miasma.
Your stone body is resilient. (AC +4)
You are immune to poison.
You resist negative energy. (rN+)
You are resistant to electric shocks. (rElec)
You are resistant to unholy torment.
You are immune to petrification.


Message History

You are too injured to fight recklessly!
You are too injured to fight recklessly!
You are too injured to fight recklessly!
You are too injured to fight recklessly!
Unknown command.
The gnoll hits you but does no damage. The phantom completely misses you.
The gnoll barely misses you. The gnoll hits you but does no damage.
The phantom attacks as you move away!
The phantom hits you but does no damage.
The gnoll hits you but does no damage. You block the gnoll's attack.
The gnoll barely misses you. The gnoll hits you with a +0 spear.
Unknown command.
You hit the gnoll.
The gnoll is moderately wounded.
You closely miss the phantom. You barely miss the gnoll. You hit the gnoll. x2
The gnoll misses you. You block the gnoll's attack. x2
The gnoll closely misses you. You block the phantom's attack.
The gnoll barely misses you.
The phantom hits you but does no damage.
The gnoll hits you with a +0 spear.
* * * LOW HITPOINT WARNING * * *
The gnoll barely misses you. The gnoll hits you with a +0 spear.
* * * LOW HITPOINT WARNING * * *
Unknown command.
You closely miss the gnoll.
The gnoll is moderately wounded.
You hit the phantom. You hit the gnoll but do no damage. x2
You closely miss the gnoll. The gnoll barely misses you.
The phantom hits you but does no damage.
The gnoll hits you with a +0 spear.
* * * LOW HITPOINT WARNING * * *
You block the gnoll's attack. The gnoll hits you but does no damage.
Unknown command.
Unknown command.
Unknown command.
You hit the gnoll but do no damage.
The gnoll is heavily wounded.
You hit the gnoll. x2; You hit the gnoll but do no damage.
You miss the phantom. The gnoll hits you with a +0 spear.
You die...

#.........#..
#..........#. #
##..........# .####
#...!.......## ..)#
#.........†...
##..###..##....##.#.
#...##..).....#####.
#..g#...##.##..# #.
#.W@g....####..# #.
........gg..##..#
#.......
.##..............
..##....
#..................#.....
##.........#.#.....##....
####...>....#.....#.....
.......$.. ....#..
#........... .......


You could see a phantom and 4 gnolls.

Vanquished Creatures
  An ogre (D:4)
  A necrophage (D:5)
  2 scorpions (D:5)
  A gnoll bouda (D:5)
  A hound (D:4)
  3 gnolls (D:4)
  8 adders
  2 ufetubi
  2 worms (D:2)
  3 dart slugs
  5 bats
  6 endoplasms
  2 giant cockroaches
  7 goblins
  8 hobgoblins
  4 quokkas
  2 ball pythons
  4 frilled lizards
  9 kobolds
  5 rats
76 creatures vanquished.

Notes
Turn   | Place    | Note
-------+----------+-------------------------------------------
     0 | D:1      | bande the Gargoyle Fighter began the quest for the Orb.
     0 | D:1      | Reached XP level 1. HP: 14/14 MP: 1/1
    64 | D:1      | Found Uzaeh's Weapon Boutique.
   106 | D:1      | Reached XP level 2. HP: 19/19 MP: 2/2
   513 | D:1      | Reached XP level 3. HP: 21/24 MP: 3/3
   894 | D:2      | Found a burning altar of Makhleb.
  1116 | D:2      | Reached XP level 4. HP: 29/29 MP: 4/4
  1483 | D:3      | Identified the +0 ring mail of Zergh {Rampage *Slow rC+++
                  | Int-3}
  2068 | D:4      | Reached XP level 5. HP: 23/33 MP: 5/5
  2379 | D:4      | Noticed an ogre
  2391 | D:4      | Killed an ogre
  2392 | D:4      | Reached XP level 6. HP: 10/38 MP: 6/6
  3256 | D:5      | Entered Level 5 of the Dungeon
  3310 | D:5      | Reached XP level 7. HP: 39/44 MP: 7/7
  3360 | D:5      | Slain by a gnoll

Illustrated notes

Levels and vault maps discovered:
D:1:      dpeg_arrival_rhombi, layout_basic, serial_shops, shop
D:2:      layout_loops_corners, basic_altar
D:3:      layout_loops_ring, kennysheep_cluttered_room, chequers_arboretum
D:4:      layout_cave_pools, st_stairs_4
D:5:      layout_cave_pools

Skill      XL: |  1  2  3  4  5 |
---------------+----------------+-----
Axes           | 2 3 4 |  4.9
Armour         | 4 |  4.7
Fighting       | 4 |  4.4
Shields        | 4 |  4.7

Action                   |  1- 3 |  4- 6 |  7- 9 || total
-------------------------+-------+-------+-------++-------
Melee: War axe           |    99 |   144 |    19 ||   262
  Use: Potion            |       |     1 |       ||     1
       Scroll            |       |     7 |       ||     7
Armor: Scale mail        |    32 |       |       ||    32
       Chain mail        |    32 |    77 |    20 ||   129
Dodge: Dodged            |    42 |    61 |    22 ||   125
Block: Buckler           |    27 |    71 |    25 ||   123
       Reflection        |     1 |     1 |       ||     2

Table legend: (Time is in decaauts)
 A = Elapsed time spent in this place.
 B = Non-inter-level travel time spent in this place.
 C = Inter-level travel time spent in this place.
 D = Time resting spent in this place.
 E = Time spent auto-exploring this place.
 F = Levels seen in this place.
 G = Mean time per level.
                   A        B        C        D        E       F      G
               +--------+--------+--------+--------+--------+-----+--------+
         Total |   3458 |   3389 |     69 |    684 |   1950 |   5 |  691.6 |
       Dungeon |   3458 |   3389 |     69 |    684 |   1950 |   5 |  691.6 |
               +--------+--------+--------+--------+--------+-----+--------+

Top non-repeatable levels by time:
     D:4: 1239 daAuts
     D:2: 856 daAuts
     D:3: 629 daAuts
     D:1: 614 daAuts
     D:5: 119 daAuts
